Map: 2000 Atmospheres LE

Players

goblin - Winner!

  • Race: Protoss Protoss

Clem

  • Race: Terran Terran

Event: DreamHack SC2 Masters 2021 Fall

VOD

Have the link to the VOD?

Description

Time

  • Played on: July 31, 2021, 3:27 p.m.
  • Length: 13:44

All games in this series

Show
View Real Time Build Order
Export as new Build Order

goblin Protoss - Winner!

Build Orders: 1 Gate Expand, Phoenix Opening, Mass Phoenix 

Get SALT Encoding   

  12  0:00  Probe  
  13  0:12  Probe  
  14  0:16  Pylon  
  14  0:24  Probe (Chrono Boost)  
  16  0:36  Gateway, Probe (Chrono Boost)  
  16  0:43  Probe (Chrono Boost)  
  16  0:45  Assimilator  
  17  0:50  Probe  
  18  1:03  Probe  
  19  1:15  Probe  
  20  1:20  Nexus  
  20  1:30  Cybernetics Core  
  21  1:32  Probe  
  21  1:38  Assimilator  
  21  1:46  Pylon  
  21  1:49  Probe  
  22  2:01  Probe (Chrono Boost)  
  23  2:03  Stalker (Chrono Boost)  
  25  2:13  Probe (Chrono Boost)  
  25  2:14  Stargate  
  26  2:19  Probe (Chrono Boost)  
  27  2:26  Stalker  
  27  2:29  Probe (Chrono Boost)  
  30  2:32  Warp Gate  
  30  2:34  Probe (Chrono Boost)  
  31  2:44  Probe x2 (Chrono Boost)  
  33  2:48  Probe (Chrono Boost)  
  33  2:49  Shield Battery  
  34  2:51  Probe  
  34  2:58  Phoenix (Chrono Boost)  
  37  3:00  Probe  
  37  3:03  Probe  
  39  3:06  Stalker  
  39  3:11  Pylon  
  41  3:13  Probe  
  41  3:15  Probe  
  43  3:25  Probe  
  44  3:27  Phoenix (Chrono Boost)  
  44  3:28  Probe  
  47  3:36  Assimilator  
  47  3:37  Probe  
  48  3:42  Gateway x2  
  48  3:46  Probe  
  49  3:50  Pylon  
  49  3:51  Phoenix (Chrono Boost)  
  49  3:53  Probe  
  52  3:58  Probe  
  52  3:59  Twilight Council  
  53  4:03  Pylon  
  53  4:05  Probe  
  54  4:12  Phoenix  
  56  4:30  Nexus  
  56  4:31  Charge (Chrono Boost)  
  56  4:33  Pylon, Zealot  
  56  4:36  Phoenix (Chrono Boost)  
  60  4:40  Probe x2  
  60  4:43  Zealot  
  64  4:52  Phoenix  
  64  4:54  Zealot x2  
  64  4:59  Probe  
  72  5:00  Probe  
  72  5:06  Zealot  
  74  5:09  Pylon  
  74  5:16  Zealot x2  
  78  5:21  Pylon  
  78  5:23  Shield Battery  
  78  5:27  Phoenix  
  80  5:28  Zealot  
  82  5:36  Zealot  
  82  5:37  Zealot  
  86  5:45  Probe x2  
  86  5:50  Zealot  
  86  5:51  Phoenix  
  86  5:56  Zealot  
  86  5:57  Zealot  
  84  6:09  Gateway  
  84  6:10  Gateway  
  84  6:12  Gateway, Probe x2  
  84  6:13  Probe  
  84  6:16  Phoenix (Chrono Boost)  
  89  6:19  Zealot x2  
  89  6:20  Zealot  
  89  6:24  Probe x2  
  89  6:25  Probe  
  98  6:29  Robotics Facility  
  98  6:36  Phoenix (Chrono Boost), Probe  
  98  6:38  Probe x2  
  103  6:41  Pylon  
  103  6:44  Forge  
  103  6:49  Probe  
  103  6:54  Phoenix (Chrono Boost)  
  104  7:02  Probe x2  
  104  7:06  Assimilator  
  106  7:10  Zealot  
  106  7:11  Sentry, Zealot x3  
  106  7:14  Pylon  
  106  7:15  Pylon  
  116  7:19  Observer  
  116  7:22  Robotics Bay  
  117  7:32  Phoenix (Chrono Boost)  
  119  7:41  Observer (Chrono Boost)  
  119  7:43  Zealot x5  
  119  7:44  Protoss Ground Armor Level 1 (Chrono Boost), Zealot  
  130  7:54  Phoenix (Chrono Boost)  
  132  8:01  Observer (Chrono Boost)  
  129  8:06  Zealot  
  129  8:07  Zealot x3  
  129  8:11  Pylon  
  129  8:12  Pylon, Extended Thermal Lance  
  131  8:16  Robotics Facility  
  131  8:17  Gateway  
  131  8:18  Pylon  
  131  8:19  Zealot  
  133  8:25  Gateway  
  133  8:26  Phoenix  
  133  8:31  Zealot x4  
  133  8:33  Colossus (Chrono Boost)  
  139  8:50  Probe x3  
  139  8:51  Phoenix  
  139  8:55  Zealot  
  138  8:56  Zealot x5  
  138  9:02  Probe x2  
  138  9:13  Colossus (Chrono Boost)  
  138  9:15  Nexus  
  138  9:16  Pylon  
  126  9:25  Zealot x2, Stalker x2  
  126  9:26  Zealot  
  136  9:32  Assimilator  
  136  9:36  Pylon  
  136  9:40  Warp Prism (Chrono Boost)  
  136  9:42  Phoenix (Chrono Boost)  
  140  9:46  Protoss Ground Weapons Level 1 (Chrono Boost), Sentry, Stalker  
  140  9:47  Observer  
  145  9:53  Observer  
  143  10:00  Zealot x4  
  143  10:03  Phoenix  
  151  10:26  Zealot x5  
  161  10:29  Phoenix  
  161  10:34  Zealot x3  
  141  10:51  Zealot x5  
  141  10:53  Colossus (Chrono Boost), Phoenix (Chrono Boost)  
  159  10:58  Colossus (Chrono Boost)  
  159  11:09  Phoenix (Chrono Boost)  
  157  11:21  Zealot  
  157  11:22  Zealot x6  
  157  11:23  Blink  
  168  11:34  Phoenix  
  171  11:40  Observer  
  171  11:44  Stalker  
  171  11:45  Observer, Stalker x4  
  180  11:49  Pylon  
  180  11:51  Pylon x2  
  180  12:10  Zealot x2  
  180  12:11  Gateway  
  180  12:12  Phoenix  
  180  12:15  Pylon, Gateway  
  184  12:16  Stalker x2, Zealot x3  
  182  12:29  Zealot  
  166  12:35  Colossus (Chrono Boost)  
  166  12:37  Zealot x5, Phoenix  
  160  12:44  Observer  
  160  12:45  Zealot x2  
  160  12:47  Observer  
  145  13:02  Zealot x4, Phoenix (Chrono Boost)  
  147  13:09  Zealot x5  
  147  13:10  Zealot  
  159  13:24  Phoenix (Chrono Boost)  
  161  13:29  Nexus  
  161  13:30  Stalker x5  
  161  13:31  Pylon  
  169  13:39  Zealot x4  
Show
View Real Time Build Order
Export as new Build Order

Clem Terran 

Build Orders:  

Get SALT Encoding   

  12  0:00  SCV  
  13  0:12  SCV  
  14  0:17  Supply Depot  
  14  0:24  SCV  
  15  0:38  SCV  
  15  0:39  Barracks  
  16  0:44  Refinery  
  16  0:50  SCV  
  17  1:02  SCV  
  18  1:15  SCV  
  19  1:27  Marine, Orbital Command  
  20  1:40  Command Center  
  20  1:46  Barracks Tech Lab  
  20  1:51  Supply Depot  
  20  1:54  SCV  
  21  2:04  Concussive Shells, Marauder  
  23  2:13  SCV  
  24  2:17  Barracks  
  24  2:25  SCV, Marauder  
  27  2:36  Barracks  
  27  2:37  SCV  
  28  2:46  Marine  
  28  2:48  Stimpack  
  28  2:51  SCV  
  30  2:54  Orbital Command  
  30  3:03  SCV  
  30  3:04  Barracks Reactor, Marine  
  32  3:11  Engineering Bay  
  32  3:15  SCV  
  33  3:20  SCV  
  33  3:22  Marine  
  33  3:24  Barracks Reactor  
  34  3:27  SCV  
  34  3:30  Supply Depot  
  34  3:32  SCV  
  36  3:38  Barracks Tech Lab  
  36  3:39  SCV  
  36  3:40  Marine x3  
  40  3:44  Bunker, SCV  
  41  3:51  SCV  
  42  3:56  Marine, SCV  
  42  3:57  Marine, Terran Infantry Weapons Level 1  
  42  3:59  Marine x2, Missile Turret  
  47  4:02  Supply Depot  
  47  4:04  SCV  
  47  4:08  SCV  
  49  4:11  Refinery  
  49  4:16  Marine, SCV  
  51  4:17  Marine x2  
  51  4:18  Marine  
  51  4:22  Combat Shield  
  54  4:24  SCV, Supply Depot  
  54  4:28  SCV  
  55  4:34  Refinery  
  55  4:36  Marine x2, SCV  
  59  4:40  SCV  
  59  4:42  Marauder  
  61  4:45  Supply Depot  
  61  4:46  Marauder  
  61  4:48  SCV  
  61  4:52  SCV  
  65  4:54  Marine x2  
  65  4:57  Factory  
  67  5:00  SCV  
  67  5:06  Supply Depot, SCV  
  68  5:10  Refinery  
  68  5:12  Marine x2  
  68  5:13  Marine x2  
  72  5:16  Missile Turret  
  72  5:20  Missile Turret  
  72  5:21  SCV  
  71  5:24  SCV  
  72  5:30  Marine  
  72  5:31  Supply Depot  
  72  5:33  Marine x3, SCV  
  77  5:36  SCV  
  77  5:41  Starport  
  77  5:42  Factory Reactor  
  77  5:47  Marine  
  78  5:52  Marine, Command Center  
  79  6:03  Terran Infantry Armor Level 1, Supply Depot  
  79  6:05  Marine  
  79  6:06  Marine  
  79  6:07  Marauder  
  82  6:11  Marine  
  82  6:12  Supply Depot  
  82  6:13  SCV x2  
  83  6:23  Marine  
  83  6:24  Supply Depot, Marauder  
  86  6:25  SCV, Factory Reactor, Command Center  
  86  6:29  Marine, Marauder  
  86  6:30  Supply Depot  
  90  6:33  Medivac x2  
  90  6:37  SCV x2  
  93  6:41  Marine  
  93  6:42  Supply Depot  
  93  6:46  Marauder  
  96  6:47  Marine  
  96  6:49  SCV  
  96  6:50  Marauder  
  100  6:59  Marine  
  97  7:01  SCV  
  97  7:03  SCV, Barracks  
  97  7:05  Marine, Widow Mine x2, Barracks  
  97  7:07  Marine, Medivac  
  107  7:10  Supply Depot  
  107  7:11  Marine  
  107  7:12  Medivac  
  110  7:17  Marine, Supply Depot  
  110  7:21  SCV x2  
  110  7:22  Marine, Supply Depot  
  113  7:25  Marine  
  113  7:28  Widow Mine x2  
  113  7:29  Marine  
  120  7:31  Supply Depot  
  117  7:37  Marine  
  117  7:40  Marine, SCV  
  117  7:43  Marauder  
  116  7:45  Medivac x2  
  116  7:49  SCV  
  116  7:50  Marauder  
  123  7:52  Barracks Reactor, Barracks Tech Lab  
  123  7:53  SCV  
  123  7:55  Marine  
  123  7:57  Widow Mine x2  
  123  7:58  Marine  
  131  8:06  SCV  
  135  8:13  SCV, Armory, Engineering Bay, Marauder x2  
  135  8:18  Medivac x2  
  140  8:20  Marine x2  
  140  8:24  SCV  
  140  8:25  Marine  
  144  8:27  Widow Mine  
  144  8:28  Widow Mine  
  144  8:31  Marine x2  
  144  8:33  Supply Depot  
  150  8:36  Orbital Command  
  150  8:40  SCV  
  142  8:46  Marine  
  137  8:49  Widow Mine  
  137  8:50  Marine  
  137  8:51  SCV  
  137  8:52  Marine, SCV  
  137  8:55  Marine x2, Widow Mine  
  136  8:57  Medivac x2  
  124  9:06  Marine x2  
  124  9:09  SCV x2  
  112  9:10  Marine, Widow Mine  
  112  9:16  Marine x2, Widow Mine  
  115  9:24  Marauder  
  115  9:26  Missile Turret  
  115  9:27  Medivac x2  
  115  9:29  Marine x2  
  115  9:31  Marauder x2  
  125  9:35  Terran Infantry Weapons Level 2  
  125  9:38  Marine x2, Widow Mine  
  127  9:44  Refinery  
  129  9:46  Marauder  
  129  9:48  Widow Mine  
  129  9:50  Terran Infantry Armor Level 2  
  133  9:53  Marine x2  
  133  9:56  Marauder x2  
  139  10:01  Widow Mine  
  141  10:07  Command Center  
  141  10:10  Marine x2  
  141  10:13  Refinery, Marauder  
  141  10:14  Supply Depot  
  145  10:16  Widow Mine  
  145  10:17  Marauder  
  145  10:19  Marine x2  
  145  10:20  Marine  
  148  10:27  Widow Mine  
  148  10:28  Marine, Medivac x2  
  149  10:32  Supply Depot  
  149  10:33  Marine  
  149  10:34  Marauder  
  154  10:39  Marauder x2  
  148  10:46  Marine  
  148  10:48  Marine x2  
  143  10:51  Marine  
  143  10:55  Starport  
  143  10:56  Ghost Academy, Marauder  
  144  11:00  Marauder x2, Missile Turret  
  144  11:03  Marine  
  149  11:05  Marine, Viking  
  149  11:06  Marine  
  149  11:08  Viking  
  149  11:09  Marine  
  153  11:12  SCV x2  
  153  11:16  Marine  
  151  11:22  Marauder  
  154  11:29  Marine x4  
  154  11:32  Viking x2  
  161  11:33  Ghost  
  161  11:37  Ghost  
  165  11:41  Viking  
  165  11:45  Viking  
  169  11:51  Planetary Fortress  
  169  11:53  Marine x2  
  171  11:54  Marine  
  171  12:00  Ghost  
  174  12:04  Viking  
  175  12:12  Missile Turret  
  175  12:17  Ghost  
  175  12:21  Ghost  
  165  12:23  Viking  
  152  12:31  Ghost  
  152  12:32  Marine x2, Viking  
  152  12:34  Marine  
  152  12:35  Marine, Viking  
  132  12:38  Viking  
  133  12:45  Ghost  
  133  12:50  Ghost  
  133  12:53  Marine  
  133  12:55  Viking  
  133  12:57  Marine x2  
  118  13:00  Marauder  
  117  13:10  Refinery, Marine  
  117  13:11  Refinery  
  117  13:12  Marine, Medivac  
  120  13:15  Marauder  
  124  13:20  Marine x2, Marauder  

Tags
 
Add a new tag
Caveats
  • Supply blocks, unpowered buildings, or Contaminate may cause inaccurate times.
  • Supply counts are checked every 10 seconds.